 Dungeon Crawl Stone Soup version 0.29.1-1-gd02db6906a (webtiles) character file.

Game seed: 14264814615076287779

169 Ivernyr the Ducker (level 5, -2/35 HPs)
             Began as a Djinni Hedge Wizard on Sept 17, 2022.
             Slain by an ogre
             ... wielding a +0 giant spiked club
              (35 damage)
             ... on level 3 of the Dungeon.
             The game lasted 00:30:57 (3719 turns).

Ivernyr the Ducker (Djinni Hedge Wizard)            Turns: 3719, Time: 00:31:24

Health: -2/35      AC:  3    Str:  9    XL:     5   Next: 79%
Gold:   23         EV: 13    Int: 16    God:
                   SH:  0    Dex: 14

rFire   + + .      SeeInvis .   m - +4 dagger (speed)
rCold   x . .      Faith    .   (no shield)
rNeg    . . .      Spirit   .   b - +0 robe
rPois   ∞          Reflect  .   c - +0 hat
rElec   .          Harm     .   (no cloak)
rCorr   .          Rampage  .   l - +0 pair of gloves
Will    .....                   (boots unavailable)
Stlth   ++........              (no amulet)
HPRegen 0.11/turn               (no ring)
MPRegen 0.00/turn               (no ring)

@: flying
A: sickness immunity, fire resistance 2, cold vulnerability 1, float, innate
caster, HP casting, extra vitality 1
a: no special abilities


You were on level 3 of the Dungeon.
You visited 1 branch of the dungeon, and saw 3 of its levels.

You collected 128 gold pieces.
You spent 105 gold pieces at shops.

Inventory:

Hand Weapons
 a - a +0 dagger
 h - a +2 vampiric short sword
 m - a +4 dagger of speed (weapon)
Armour
 b - a +0 robe (worn)
 c - a +0 hat (worn)
 l - a +0 pair of gloves (worn)
 t - a +0 helmet
Wands
 s - a wand of polymorph (5)
Scrolls
 f - a scroll of enchant weapon {unknown}
 i - 2 scrolls of teleportation {unknown}
 j - a scroll of silence {unknown}
 o - a scroll of butterflies {unknown}
 p - a scroll of noise
 q - a scroll of magic mapping
 r - 2 scrolls of identify
 u - a scroll of immolation {unknown}
 v - a scroll of enchant armour {unknown}
 x - 2 scrolls of amnesia {unknown}
Potions
 d - a potion of cancellation {unknown}
 e - a potion of might {unknown}
 g - a potion of haste {unknown}
 k - a potion of brilliance {unknown}
 n - 4 potions of curing {unknown}
 w - a potion of berserk rage {unknown}


   Skills:
 + Level 3.9 Dodging
 + Level 3.1 Stealth
 + Level 3.2 Spellcasting


You couldn't memorise any spells.
You knew the following spells:

 Your Spells              Type           Power      Damage    Failure   Level
a - Magic Dart            Conj           52%        1d5       4%          1
b - Blink                 Tloc           26%        N/A       7%          2
c - Call Imp              Summ           13%        N/A       7%          2
d - Slow                  Hex            52%        N/A       4%          1
e - Conjure Flame         Conj/Fire      13%        6-21      14%         3
f - Mephitic Cloud        Conj/Pois/Air  13%        N/A       14%         3
g - Beastly Appendage     Tmut           26%        N/A       4%          1
h - Ensorcelled Hibernat  Hex/Ice        26%        N/A       7%          2
Your spell library was empty.

Dungeon Overview and Level Annotations

Branches:
Dungeon (3/15)

Altars:

Shops:
D:2 ?

Annotations:
D:3 exclusion: door


Innate Abilities, Weirdness & Mutations

You are immune to sickness and miasma.
You are immune to poison.
Your flesh is very heat resistant. (rF++)
You are vulnerable to cold. (rC-)
You float through the air rather than walking.
You learn spells naturally, not from books.
Your magical power is your life essence.
You have superior vitality. (+4 MHP)


Message History

Press: ? - help, Shift-Dir - straight line, f/p - endoplasm
Aim: an endoplasm (almost dead, 100% to hit)
The magic dart hits the endoplasm.
You kill the endoplasm!
A kobold comes into view. It is wielding a +0 club.
Found 9 stones.
You see here a giant cockroach corpse.
Casting: Magic Dart (safe; 4% risk of failure)
Confirm with . or Enter, or press ? or * to list all spells.
Aiming: Magic Dart (safe; 4% risk of failure)
Press: ? - help, Shift-Dir - straight line, f - kobold
Aim: a kobold, wielding a +0 club (asleep, 100% to hit)
The magic dart hits the kobold.
You kill the kobold!
Casting: Magic Dart (safe; 4% risk of failure)
Confirm with . or Enter, or press ? or * to list all spells.
You can't see any susceptible monsters within range! (Use Z to cast anyway.) Unknown command.
You start resting.
HP restored.
An ogre comes into view. It is wielding a +0 giant spiked club.
You feel the dreadful sensation subside.
Your hands tingle!
m - a +4 dagger of speed (weapon)
Okay, then.
A goblin comes into view. It is wielding a +0 dagger.
An endoplasm comes into view.
A kobold comes into view. It is wielding a +0 short sword.
The ogre shouts!
The endoplasm quivers.
Casting: Magic Dart (safe; 4% risk of failure)
Confirm with . or Enter, or press ? or * to list all spells.
Aiming: Ensorcelled Hibernation (safe; 7% risk of failure)
Press: ? - help, Shift-Dir - straight line, f - ogre
Aim: an ogre, wielding a +0 giant spiked club (chance to affect: 47%)
The ogre resists with some effort.
The goblin shouts!
The kobold shouts!
The ogre hits you with a +0 giant spiked club!!
Ouch! That really hurt!
You die...

........# ## .. ..
........# . ##g###.###.
#####.###.# #..........
###.###.# #......J...
##.......# #(..)......
##..##..######..........
........................
.<....#..###.....O....K#
......#..##..#..@.......
......#...†.............
.....<#.................
........................
#####...................
.........>..........#
#..............#######
...............#
...##..........#


You could see an ogre, an endoplasm, a goblin and a kobold.

Vanquished Creatures
  Robin (D:2)
  2 gnolls (D:2)
  5 adders
  2 dart slugs (D:1)
  4 orcs
  6 ball pythons
  4 bats
  5 endoplasms
  2 giant cockroaches
  12 goblins
  9 hobgoblins
  6 kobolds
  4 quokkas
  3 frilled lizards (D:1)
  5 rats
70 creatures vanquished.

Vanquished Creatures (collateral kills)
  A gnoll (D:2)
  An orc (D:2)
  A goblin (D:2)
3 creatures vanquished.

Grand Total: 73 creatures vanquished

Notes
Turn   | Place    | Note
-------+----------+-------------------------------------------
     0 | D:1      | Ivernyr the Djinni Hedge Wizard began the quest for the
                  | Orb.
     0 | D:1      | Ivernyr set off with the following spells memorised: Magic
                  | Dart, Blink, Call Imp, Slow, Conjure Flame, Mephitic Cloud.
     0 | D:1      | Reached XP level 1. HP: 15/15 MP: 0/0
   372 | D:1      | Reached XP level 2. HP: 16/21 MP: 0/0
  1050 | D:1      | Reached XP level 3. HP: 21/25 MP: 0/0
  1050 | D:1      | Learned a level 1 spell: Beastly Appendage
  1848 | D:2      | Reached XP level 4. HP: 30/31 MP: 0/0
  2002 | D:2      | Found Ohaiklag's Magic Scroll Emporium.
  2011 | D:2      | Bought a scroll of noise for 10 gold pieces
  2011 | D:2      | Bought a scroll of magic mapping for 75 gold pieces
  2011 | D:2      | Bought a scroll of identify for 20 gold pieces
  2033 | D:2      | Noticed Robin
  2041 | D:2      | Killed Robin
  2062 | D:2      | Reached XP level 5. HP: 23/35 MP: 0/0
  2062 | D:2      | Learned a level 2 spell: Ensorcelled Hibernation
  2236 | D:2      | Found a faded altar of an unknown god.
  3712 | D:3      | Noticed an ogre
  3719 | D:3      | Slain by an ogre

Illustrated notes

Levels and vault maps discovered:
D:1:      lemuel_arrival_cross, layout_basic, minmay_pentomino_r2
D:2:      layout_basic, serial_shops, nicolae_shop_behind_doors,
          hellmonk_ecumenical_altar_zigzags, nrook_campfire, uniq_robin
D:3:      layout_rooms, led_sif_book, nicolae_overflow_hidden_temple,
          ebering_ghost_rock_garden, nicolae_eternal_life,
          nicolae_concentric_dashed_squares_mild

Skill      XL: |  1  2  3  4  5 |
---------------+----------------+-----
Stealth        | 2 3 |  3.1
Dodging        | 3 |  3.9
Spellcasting   | 3 |  3.2

Action                   |  1- 3 |  4- 6 || total
-------------------------+-------+-------++-------
Melee: Short sword       |    11 |    43 ||    54
       Headbutt          |       |     4 ||     4
 Cast: Magic Dart        |    80 |    60 ||   140
       Mephitic Cloud    |       |     6 ||     6
       Call Imp          |       |     4 ||     4
       Beastly Appendage |       |     1 ||     1
       Blink             |       |     1 ||     1
       Ensorcelled Hiber |       |     1 ||     1
 Stab: Confused          |       |     1 ||     1
       Sleeping          |       |     1 ||     1
Armor: Robe              |     6 |     8 ||    14
Dodge: Dodged            |    10 |    48 ||    58
